 Dungeon Crawl Stone Soup version 0.30.1-11-g7821555f0a (webtiles) character file.

Game seed: 3013786904645586023

18 Janerl the Shield-Bearer (level 2, 0/27 HPs)
             Began as a Minotaur Fighter on Dec 9, 2023.
             Killed by divine providence
             ... invoked by an orc priest
              (11 damage)
             ... on level 3 of the Dungeon.
             The game lasted 00:02:15 (1708 turns).

Janerl the Shield-Bearer (Minotaur Fighter)         Turns: 1708, Time: 00:02:16

Health: 0/27       AC:  7    Str: 20    XL:     2   Next: 48%
Magic:  1/1        EV:  9    Int:  5    God:
Gold:   83         SH:  4    Dex:  9    Spells: 1/1 levels left

rFire   . . .        a - +0 war axe
rCold   . . .        c - +0 buckler
rNeg    . . .        j - +0 scale mail
rPois   .            (helmet restricted)
rElec   .            (no cloak)
rCorr   .            (no gloves)
SInv    .            (no boots)
Will    .....        (no amulet) Stlth
                     (no ring)
HPRegen 0.24/turn    (no ring)
MPRegen 0.07/turn

%: no passive effects
@: no status effects
A: horns 2, retaliatory headbutt
a: no special abilities


You were on level 3 of the Dungeon.
You visited 1 branch of the dungeon, and saw 3 of its levels.

You collected 83 gold pieces.

Inventory:

Hand Weapons
 a - a +0 war axe (weapon)
 b - a +3 sling
Armour
 c - a +0 buckler (worn)
 j - a +0 scale mail (worn)
Scrolls
 e - 4 scrolls of identify {unknown}
 g - a scroll of fog {unknown}
 i - a scroll of noise {unknown}
 k - a scroll of vulnerability {unknown}
Potions
 d - a potion of might
 f - a potion of flight {unknown}
 h - a potion of heal wounds {unknown}
 l - a potion of haste {unknown}
 m - a potion of degeneration {unknown}
 n - a potion of magic {unknown}
 o - a potion of resistance {unknown}


   Skills:
 + Level 3.9 Fighting
 + Level 2.7 Axes
 + Level 3.9 Armour
 + Level 0.4 Dodging
 + Level 3.9 Shields


You had one spell level left.
You didn't know any spells.
Your spell library contained the following spells:

 Spells                   Type           Power      Damage    Failure   Level
 Freeze                   Ice            0%         1d3       88%         1
 Frozen Ramparts          Ice            0%         1d1       99%         3
 Hailstorm                Conj/Ice       0%         3d3       99%         3


Dungeon Overview and Level Annotations

Branches:
Dungeon (3/15)

Altars:
Ru


Innate Abilities, Weirdness & Mutations

You have a pair of horns on your head.
You reflexively headbutt those who attack you in melee.


Message History

A bat comes into view.
Found a stone staircase leading up.
Fire: b) +3 sling
Press: ? - help, Q - select action Shift-Dir - straight line, f - bat
Aim: a bat (39% to hit)
You shoot a sling bullet. The sling bullet barely misses the bat.
The bat barely misses you. You furiously retaliate!
You headbutt the bat!
You kill the bat!
An orc priest and an orc come into view.
Found a stone staircase leading up.
The orc priest shouts!
The orc shouts!
Fire: b) +3 sling
Press: ? - help, Q - select action Shift-Dir - straight line, f - orc priest
Aim: an orc priest, wielding a +0 dagger (56% to hit)
You shoot a sling bullet. The sling bullet hits the orc priest.
The orc priest is lightly wounded.
An orc comes into view.
It is wielding a +0 hand axe of draining.
An orc comes into view. It is wielding a +0 morningstar.
The orc priest invokes the aid of Beogh against you.
Beogh smites you!
Ouch! That really hurt!
Fire: b) +3 sling
Press: ? - help, Q - select action Shift-Dir - straight line, f/p - orc priest
Aim: an orc priest, wielding a +0 dagger (lightly wounded, 56% to hit)
You shoot a sling bullet. The orc shouts!
The orc shouts!
The sling bullet hits the orc priest but does no damage.
The orc priest is lightly wounded.
Fire: b) +3 sling
Press: ? - help, Q - select action Shift-Dir - straight line, f/p - orc priest
Aim: an orc priest, wielding a +0 dagger (lightly wounded, 56% to hit)
You shoot a sling bullet. The sling bullet hits the orc priest!
The orc priest is heavily wounded.
a - a +0 war axe (weapon)
Sorry, you're not good enough to have a special ability.
The orc attacks as you move away! The orc hits you with a +0 flail.
The orc priest mumbles some strange prayers to Beogh against you.
Beogh smites you!
You die...

....<.. ......<
....... #oo8.8.
..⌠.. .o.## #..#
##########o#
##.<.#...##@#
##.........#.#.#
#..............#
#...........#......
#...................
##..................
##.................
####.###..........
#.. ##..###.###


You could see an orc priest and an orc.

Vanquished Creatures
  An endoplasm (D:2)
  2 goblins (D:1)
  3 hobgoblins
  A ball python (D:2)
  5 bats
  4 rats
16 creatures vanquished.

Notes
Turn   | Place    | Note
-------+----------+-------------------------------------------
     0 | D:1      | Janerl the Minotaur Fighter began the quest for the Orb.
     0 | D:1      | Reached XP level 1. HP: 19/19 MP: 0/0
   262 | D:1      | Reached XP level 2. HP: 27/27 MP: 1/1
   819 | D:2      | Found a sacrificial altar of Ru.
  1533 | D:2      | Identified the +0 leather armour "Wephuo" {Str+3}
  1589 | D:2      | Found a faded altar of an unknown god.
  1708 | D:3      | Killed from afar by an orc priest

Illustrated notes

Levels and vault maps discovered:
D:1:      evilmike_arrival_hilbert_curve, layout_basic
D:2:      layout_loops_ring, basic_altar,
          hellmonk_ecumenical_altar_inner_sanctum, serial_co_window_serial,
          co_window_corner_a, co_window_paths_b, co_window_corner_a,
          co_window_paths_a, co_window_paths_b, co_window_paths_b,
          co_window_corner_b, co_window_unsneaky_path_b, co_window_broadway_c,
          glass_columns_b
D:3:      layout_rooms, minmay_misc_feat_x, hangedman_feature_mirror

Action                     || total
---------------------------++-------
  Melee: War axe           ||    21
         Headbutt          ||     1
   Fire: Sling             ||     8
 Armour: Scale mail        ||    12
  Dodge: Dodged            ||    15
  Block: Buckler           ||     5
